 Dungeon Crawl Stone Soup version 0.28-a0-239-g68911e0c57 (webtiles) character file.

Game seed: 14070541265696691267

60 Smaepdii the Chopper (level 4, -2/40 HPs)
             Began as a Hill Orc Monk on Aug 24, 2021.
             Was a Believer of Beogh.
             Slain by a yak (4 damage)
             ... on level 4 of the Dungeon.
             The game lasted 00:11:45 (3199 turns).

Smaepdii the Chopper (Hill Orc Monk)                Turns: 3199, Time: 00:11:46

Health: -2/40      AC:  6    Str: 14    XL:     4   Next: 4%
Magic:  4/4        EV: 11    Int: 10    God:    Beogh [**....]
Gold:   137        SH:  0    Dex: 13    Spells: 3/3 levels left

rFire   . . .      SeeInvis .   s - +0 war axe
rCold   . . .      Faith    .   (no shield)
rNeg    + . .      Spirit   .   d - +0 ring mail
rPois   .          Reflect  .   (no helmet)
rElec   .          Harm     .   (no cloak)
rCorr   .          Rampage  .   (no gloves)
Will    .....                   v - +0 pair of boots
Stlth   +.........              (no amulet)
HPRegen 0.13/turn               u - ring of positive energy
MPRegen 0.09/turn               (no ring)

@: no status effects
A: no striking features
a: Renounce Religion, Smiting


You were on level 4 of the Dungeon.
You worshipped Beogh.
Beogh was pleased with you.
You visited 1 branch of the dungeon, and saw 4 of its levels.

You collected 137 gold pieces.

Inventory:

Hand Weapons
 a - a +0 hand axe
 s - a +0 war axe (weapon)
Missiles
 g - 14 poisoned darts (quivered)
 t - 5 boomerangs
Armour
 b - a +0 robe
 d - a +0 ring mail (worn)
 m - a +0 plate armour
 n - a +0 tower shield
 v - a +0 pair of boots (worn)
Jewellery
 u - a ring of positive energy (left hand)
Scrolls
 e - 3 scrolls of identify {unknown}
 f - a scroll of noise {unknown}
 h - a scroll of enchant weapon {unknown}
 j - 2 scrolls of enchant armour {unknown}
 o - a scroll of blinking {unknown}
 p - a scroll of magic mapping {unknown}
 r - a scroll of brand weapon {unknown}
Potions
 c - 2 potions of curing {unknown}
 i - a potion of magic {unknown}
 k - a potion of degeneration {unknown}
 l - a potion of attraction {unknown}
 q - a potion of brilliance {unknown}


   Skills:
 + Level 4.2 Fighting
 + Level 4.7 Axes
 + Level 0.4 Armour
 - Level 2.7 Dodging
 - Level 2.2 Stealth
 + Level 0.3 Shields


You had 3 spell levels left.
You didn't know any spells.
Your spell library contained the following spells:

 Spells                   Type           Power      Damage    Failure   Level
 Beastly Appendage        Tmut           0%         N/A       61%         1
 Sublimation of Blood     Necr           0%         N/A       75%         2
 Wereblood                Tmut           0%         N/A       75%         2
 Mephitic Cloud           Conj/Pois/Air  0%         N/A       93%         3
 Spider Form              Tmut/Pois      0%         N/A       93%         3
 Haunt                    Necr/Summ      0%         N/A       100%        7
 Infestation              Necr           0%         N/A       100%        8


Dungeon Overview and Level Annotations

Branches:
Dungeon (4/15)
 Temple: D:4-7

Altars:
Okawaru
Sif Muna
Xom

Annotations:
D:3 2 runed translucent doors


Message History

a +0 club; an orc corpse You see here a +0 hand axe.
Things that are here:
a +0 war axe; 5 boomerangs; an orc corpse
s - a +0 war axe
t - 5 boomerangs You see here a +0 hand axe.
Things that are here:
a +0 club; an orc corpse You start resting.
HP restored.
s - a +0 war axe (weapon)
Setting a skill training target for Axes at 16.0.
You see here a +0 hand axe.
You see here an orc corpse.
Found an encrusted onyx ring.
u - a ring of positive energy
u - a ring of positive energy (left hand)
Found a pair of boots.
Found a stone staircase leading down.
You see here a +0 pair of boots.
v - a +0 pair of boots You start putting on your armour.
You continue putting on your +0 pair of boots. x4
You finish putting on your +0 pair of boots. 2 yaks come into view.
There is a stone staircase leading down here.
The yak gores you! The yak gores you!
A quokka comes into view.
The quokka bites you but does no damage.
You miss the quokka. You hit the yak. The yak gores you!
* * * LOW HITPOINT WARNING * * *
The quokka completely misses you.
You miss the quokka. You hit the yak but do no damage.
The quokka closely misses you. The yak gores you but does no damage.
The quokka bites you.
* * * LOW HITPOINT WARNING * * *
The yak gores you.
You die...

#8..8##.....####...###
#..Y..#####.# ###.#
##..### #.# #<# #....
#.# #.# ##..##### #.#
#.# .... #.###.####
#.# ##..# #........#
#.# .Y.. #####.##Y#
#.# #.##@# #.# #.##r#
#.. #.##.# ..##.#
####.# #.# #.# #.#


You could see a yak and a quokka.

Vanquished Creatures
  4 orcs
  5 ball pythons
  5 endoplasms
  3 giant cockroaches
  4 goblins
  3 hobgoblins
  5 jackals (D:1)
  3 quokkas (D:1)
  6 bats
  3 frilled lizards
  5 kobolds
  3 rats
49 creatures vanquished.

Vanquished Creatures (others)
  An orc priest (D:3)
  An orc wizard (D:3)
  An orc (D:3)
3 creatures vanquished.

Grand Total: 52 creatures vanquished

Notes
Turn   | Place    | Note
-------+----------+-------------------------------------------
     0 | D:1      | Smaepdii the Hill Orc Monk began the quest for the Orb.
     0 | D:1      | Reached XP level 1. HP: 19/19 MP: 1/1
   371 | D:1      | Reached XP level 2. HP: 10/27 MP: 2/2
  1036 | D:1      | Reached XP level 3. HP: 26/33 MP: 3/3
  1470 | D:2      | Found a shimmering altar of Xom.
  1795 | D:2      | Got the Compendium of Feathers and Dark Rites
  2234 | D:3      | Became a worshipper of Beogh the Brigand
  2234 | D:3      | Reached * piety under Beogh
  2234 | D:3      | Reached ** piety under Beogh
  2596 | D:3      | Found a large runed translucent door.
  2597 | D:3      | Found a large runed translucent door.
  2656 | D:3      | Found an iron altar of Okawaru.
  2825 | D:3      | Found a shimmering blue altar of Sif Muna.
  3043 | D:4      | Noticed a bullfrog
  3044 | D:4      | Reached XP level 4. HP: 29/40 MP: 4/4
  3164 | D:4      | Noticed a yak
  3164 | D:4      | Noticed a yak
  3199 | D:4      | HP: 2/40 [quokka (4)]
  3199 | D:4      | Slain by a yak

Illustrated notes

Levels and vault maps discovered:
D:1:      minmay_arrival_widening_spiral_narrow, layout_loops_cross,
          serial_glass, glass_columns_c, glass_columns_a, palyth_stone_intersect
D:2:      layout_basic, basic_altar
D:3:      layout_rooms, kennysheep_okawaru_gauntlet, lemuel_round_altar,
          jmf_multi_god_temple2
D:4:      layout_loops_ring, minitemple, serial_rivers,
          chequers_serial_rivers_large_b, chequers_serial_rivers_micro_c,
          chequers_serial_rivers_large_a, chequers_serial_rivers_micro_c,
          chequers_serial_rivers_micro_c

Skill      XL: |  1  2 |
---------------+-------+-----
Stealth        | 2 |  2.2
Fighting       | 4 |  4.2
Axes           | |  4.7
Armour         | |  0.4
Dodging        | |  2.7
Shields        | |  0.3

Action                   |  1- 3 |  4- 6 || total
-------------------------+-------+-------++-------
Melee: Hand axe          |   175 |     2 ||   177
       War axe           |       |     2 ||     2
Invok: Convert to Beogh  |     1 |       ||     1
 Stab: Sleeping          |     3 |       ||     3
Armor: Robe              |     9 |       ||     9
       Ring mail         |    70 |     2 ||    72
Dodge: Dodged            |   137 |     3 ||   140

Table legend: (Time is in decaauts)
 A = Elapsed time spent in this place.
 B = Non-inter-level travel time spent in this place.
 C = Inter-level travel time spent in this place.
 D = Time resting spent in this place.
 E = Time spent auto-exploring this place.
 F = Levels seen in this place.
 G = Mean time per level.
                   A        B        C        D        E       F      G
               +--------+--------+--------+--------+--------+-----+--------+
         Total |   3211 |   3140 |     71 |    718 |   1720 |   4 |  802.8 |
       Dungeon |   3211 |   3140 |     71 |    718 |   1720 |   4 |  802.8 |
               +--------+--------+--------+--------+--------+-----+--------+

Top non-repeatable levels by time:
     D:1: 1436 daAuts
     D:3: 816 daAuts
     D:2: 784 daAuts
     D:4: 174 daAuts
